 Dungeon Sprint DCSS version 0.23.1 (webtiles) character file.

Game seed: 8418980693697005434

49 Barsley the Covert (level 3, -4/18 HPs)
             Began as a Spriggan Assassin on Mar 16, 2019.
             Was an Initiate of Trog.
             Slain by a jumping spider (19 damage)
             ... in the Dungeon (Sprint V: "Ziggurat Sprint").
             The game lasted 00:02:24 (103 turns).

Barsley the Covert (Spriggan Assassin)               Turns: 103, Time: 00:02:25

Health: -4/18      AC:  3    Str:  8    XL:     3   Next: 51%
Magic:  4/4        EV: 16    Int: 12    God:    Trog [......]
Gold:   0          SH:  8    Dex: 17    Spells: 2/2 levels left

rFire    . . .     SeeInvis +   P - +5 quick blade
rCold    . . .     Gourm    .   S - +3 buckler
rNeg     . . .     Faith    .   c - +0 robe
rPois    .         Spirit   .   (helmet restricted)
rElec    .         Reflect  .   d - +0 cloak
rCorr    .         Harm     .   (gloves unavailable)
MR       .....     NoTele   +   (boots unavailable)
Stlth    +++++.....             (no amulet)
HPRegen  0.06/turn              (no ring)
MPRegen  0.09/turn              (no ring)

@: very quick
A: very small, unfitting armour, see invisible, herbivore, speed 3, slow
metabolism 2
a: Renounce Religion


You were in the Dungeon.
You worshipped Trog.
Trog was noncommittal.
You were not hungry.

You visited 1 branch

Inventory:

Hand Weapons
 a - a +2 dagger
 b - a +0 blowgun
 M - the +6 Majin-Bo {vamp, Archmagi MP+6 Int+6}
   (You found it in the Dungeon)

   It inflicts no extra harm, but heals its wielder when it wounds a living foe.
   It affects your intelligence (+6).
   It affects your magic capacity (+6).
 N - the +9 heavy crossbow "Sniper" {velocity, Acc+∞ SInv}
   (You found it in the Dungeon)

   Any bolt fired from it inflicts extra damage.
   It lets you see invisible.
 O - the +6 shillelagh "Devastator" {shatter}
   (You found it in the Dungeon)
 P - a +5 quick blade (weapon)
 Q - a +5 lajatang
Missiles
 e - 3 poisoned needles
 f - 2 curare-tipped needles
 R - 1000 bolts
Armour
 c - a +0 robe (worn)
 d - a +0 cloak (worn)
 S - a +3 buckler (worn)
Magical Staves
 I - an uncursed staff of energy
Jewellery
 z - a +6 ring of dexterity
 A - a +6 ring of dexterity
 B - a +6 ring of intelligence
 C - a +6 ring of intelligence
 D - a +6 ring of strength
 E - a +6 ring of strength
 K - an uncursed ring of flight
Wands
 F - a wand of disintegration (7)
 G - a wand of iceblast (7)
 H - a wand of acid (7)
Scrolls
 m - 4 scrolls of blinking
 t - 4 scrolls of amnesia
 u - 7 scrolls of fog
 v - a scroll of holy word
 w - 5 scrolls of identify
 x - 5 scrolls of remove curse
 y - 2 scrolls of fear
Potions
 h - 10 potions of curing
 i - 9 potions of heal wounds
 j - 6 potions of haste
 k - 7 potions of magic
 l - 3 potions of berserk rage
 n - 2 potions of brilliance
 o - 2 potions of invisibility
 p - 4 potions of resistance
 q - a potion of experience
 r - 5 potions of agility
 s - 5 potions of might
Miscellaneous
 J - a crystal ball of energy
 L - a lightning rod (4/4)
Comestibles
 g - 7 rations


   Skills:
 + Level 2.2 Fighting
 + Level 3.1 Short Blades
 + Level 2.8 Throwing
 + Level 2.0 Dodging
 + Level 10.8 Stealth


You had 2 spell levels left.
You didn't know any spells.
Your spell library was empty.

Dungeon Overview and Level Annotations

Branches:
Dungeon (1/1)

Altars:
Ashenzari
Cheibriados
Dithmenos
Elyvilon
Fedhas
Gozag
Hepliaklqana
Kikubaaqudgha
Makhleb
Nemelex Xobeh
Okawaru
Qazlal
Ru
Sif Muna
Trog
Uskayaw
Vehumet
Wu Jian
Xom
Yredelemnul
Zin
The Shining One
Beogh
Jiyva
Lugonu

Annotations:
D 1 transporter


Innate Abilities, Weirdness & Mutations

You are very small and have problems with some larger weapons.
You are too small for most types of armour.
You have supernaturally acute eyesight. (SInv)
You are a herbivore.
You cover ground extremely quickly.
You need to consume almost no food.


Message History

The poisoned needle closely misses the jumping spider.
The jumping spider pounces on you but does no damage.
You block the jumping spider's attack.
Wield which item (- for none, * to show all)? (? for menu, Esc to quit)
P - a +5 quick blade (weapon)
You closely miss the jumping spider.
The jumping spider is moderately wounded.
The jumping spider pounces on you but does no damage.
The jumping spider bites you but does no damage.
You closely miss the jumping spider.
The jumping spider is moderately wounded.
The jumping spider looks more healthy.
The jumping spider pounces on you.
You are caught in a web!
The jumping spider bites you.
* * * LOW HITPOINT WARNING * * *
You feel much better. The jumping spider barely misses you.
The jumping spider bites you. The jumping spider barely misses you.
The jumping spider closely misses you.
The web tears apart.
The jumping spider pounces on you!!
Ouch! That really hurt!
You die...

▓▓▓▓▓▓▓
▓.8©8.▓
▓....(▓
▓.:.(.▓
▓.....▓
▓.s...▓
▓@.©..▓
▓▓▓▓▓▓▓


You could see a jumping spider.

Vanquished Creatures
  A scorpion (D)
1 creature vanquished.

Notes
Turn   | Place    | Note
-------+----------+-------------------------------------------
     0 | D        | Found the +6 Majin-Bo {vamp, Archmagi MP+6 Int+6}
     0 | D        | Found the +7 great mace "Firestarter" {inner flame, rF++}
     0 | D        | Barsley the Spriggan Assassin began the quest for the Orb.
     0 | D        | Reached XP level 1. HP: 10/10 MP: 2/2
     0 | D        | Found a bloodstained altar of Trog.
     0 | D        | Found a deep blue altar of Sif Muna.
     0 | D        | Found a sacrificial altar of Ru.
     0 | D        | Found a stormy altar of Qazlal.
     0 | D        | Found an iron altar of Okawaru.
     2 | D        | Found a sparkling altar of Nemelex Xobeh.
     2 | D        | Found a blossoming altar of Fedhas.
     4 | D        | Found a transporter.
     4 | D        | Found an ancient bone altar of Kikubaaqudgha.
     4 | D        | Found a viscous altar of Jiyva.
     4 | D        | Found a corrupted altar of Lugonu.
     4 | D        | Found a hazy altar of Hepliaklqana.
     4 | D        | Found a burning altar of Makhleb.
     4 | D        | Found an opulent altar of Gozag.
    29 | D        | Became a worshipper of Trog the Wrathful
    39 | D        | Found the +9 heavy crossbow "Sniper" {velocity, Acc+∞ SInv}
    39 | D        | Found the +10 dark maul {crush}
    39 | D        | Found the +15 Maxwell's patent armour {-Cast -Tele rElec
                  | MR+ rCorr}
    39 | D        | Found the +18 shield of the Gong {rElec rN+ MR+ EV-5}
    39 | D        | Found the cursed +14 obsidian axe {chop, +Fly SInv *Curse}
    41 | D        | Found the +6 shillelagh "Devastator" {shatter}
    41 | D        | Found the +11 plutonium sword {*Contam Stlth-}
    41 | D        | Found the +8 lance "Wyrmbane" {slay drac, rPois rF+ rC+
                  | AC+3}
    41 | D        | Found the +9 sword of Zonguldrok {reap}
    41 | D        | Found the cursed +13 scythe of Curses {drain, *Curse}
    41 | D        | Found the +0 sword of Power
    41 | D        | Found the +7 mace of Variability {chain chaos}
    41 | D        | Found the +7 Singing Sword {slice, sonic wave}
    41 | D        | Found the +7 longbow "Piercer" {penet, EV-2}
    81 | D        | Entered arena 2.
    81 | D        | Noticed a jumping spider
    81 | D        | Noticed a scorpion
    81 | D        | Found a transporter.
    84 | D        | Killed a scorpion
    84 | D        | Reached skill level 10 in Stealth
    84 | D        | Reached XP level 2. HP: 15/15 MP: 3/3
    84 | D        | Reached XP level 3. HP: 18/18 MP: 4/4
   103 | D        | Slain by a jumping spider

Skill      XL: |  1 |
---------------+----+-----
Fighting       | 2 |  2.2
Short Blades   | 3 |  3.1
Dodging        | 2 |  2.0
Stealth        | 10 | 10.8
Throwing       | |  2.8

Action                   || total
-------------------------++-------
Melee: Quick blade       ||     6
 Fire: Blowgun           ||     5
  Use: Potion            ||     1
 Stab: Sleeping          ||     1
Armor: Robe              ||     3
Dodge: Dodged            ||     8
Block: Buckler           ||     2
